[Event "Titled Tuesday Blitz July 05 Early 2022"]
[White "Moussard, Jules"]
[Black "Fedoseev, Vladimir"]
[WhiteFideId "642908"]
[BlackFideId "24130737"]
[WhiteElo "2589"]
[BlackElo "2726"]
[Result "0-1"]
[Round "09"]
[TimeControl "180+1"]
[Date "2022.07.05"]
[WhiteClock "0:00:02"]
[BlackClock "0:00:57"]

1. e4 c6 2. d4 d5 3. e5 c5 4. dxc5 e6 5. Bd3 Bxc5 6. Qg4 Bf8 7. Nf3 Qc7 8. O-O Nc6 9. Re1 Nb4 10. Nc3 a6 11. a3 Nxd3 12. cxd3 Ne7 13. Be3 Nf5 14. Rac1 Nxe3 15. fxe3 Qd8 16. Rf1 h6 17. d4 Bd7 18. Ne1 Qg5 19. Qf3 Qg6 20. e4 dxe4 21. Nxe4 Be7 22. Nd3 O-O 23. Nf4 Qh7 24. Rc7 Bc6 25. Rxe7 Bxe4 26. Qg3 Rad8 27. h4 Rxd4 28. Qf2 Rdd8 29. g4 Bc6 30. Qe3 Qc2 31. g5 Rd2 32. Qg3 Qc5+ 0-1


[Site "https://www.chess.com"]

[Event "Titled Tuesday Blitz July 05 Early 2022"]
[White "Namitbir Singh Walia"]
[Black "Yaksin, Oleg"]
[WhiteFideId "35071068"]
[BlackFideId "24105880"]
[WhiteElo "1565"]
[BlackElo "2256"]
[Result "1-0"]
[Round "09"]
[TimeControl "180+1"]
[Date "2022.07.05"]
[WhiteClock "0:00:19"]
[BlackClock "0:00:11"]

1. d4 Nf6 2. Bf4 c5 3. d5 Qb6 4. Nc3 Qxb2 5. Bd2 Qb6 6. e4 d6 7. f4 g6 8. Nf3 Bg7 9. Rb1 Qd8 10. Bb5+ Kf8 11. O-O a6 12. Bd3 b5 13. e5 Ng4 14. h3 c4 15. hxg4 cxd3 16. e6 dxc2 17. Qxc2 fxe6 18. Ng5 exd5 19. f5 Bf6 20. fxg6 Kg7 21. Nxd5 hxg6 22. Bc3 Rf8 23. Ne4 Nd7 24. g5 Be5 25. Rxf8 Qxf8 26. Rf1 Qg8 27. Bxe5+ Nxe5 28. Nb6 Rb8 29. Qc7 Rb7 30. Qxc8 Qxc8 31. Nxc8 Rc7 32. Nb6 Nc4 33. Nd5 Rd7 34. Rc1 e6 35. Ndf6 Re7 36. a4 d5 37. Nc5 bxa4 38. Nxa4 Rb7 39. Nc5 Rb6 40. Ra1 d4 41. Rxa6 Rxa6 42. Nxa6 d3 43. Kf2 e5 44. Nb4 d2 45. Ke2 Kf7 46. Ne4 Ke6 47. g4 Nb6 48. Nxd2 e4 49. Nxe4 Ke5 50. Kf3 Nc4 51. Nc6+ Ke6 52. Nd4+ Ke5 53. Nc6+ Ke6 54. Kf4 Nb2 55. Nd4+ Kd5 56. Nf3 Nd3+ 57. Ke3 Nb4 58. Nf6+ Ke6 59. Nh7 Nd5+ 60. Ke4 Nc3+ 61. Kd3 Nd5 62. Kd4 Nf4 63. Ne5 Nh3 64. Nxg6 Nf2 65. Nf4+ Kf7 66. Nf6 Kg7 67. Ke3 Nd1+ 68. Kf3 Nc3 69. N6h5+ Kf7 70. Ng3 Nb5 71. Ne4 Kg7 72. Ne6+ Kg6 73. Kf4 Na3 74. Nf8+ Kf7 75. Nd7 Nc4 76. Ne5+ Nxe5 77. Kxe5 Kg6 78. Kf4 Kh7 79. Kf5 Kg7 80. Nf6 Kf7 81. g6+ Kg7 82. Nh5+ Kh6 83. Ng3 Kg7 84. g5 Kg8 85. Kf6 Kh8 86. g7+ Kg8 87. Ne2 Kh7 88. Kf5 Kg8 89. g6 Kxg7 90. Kg5 Kg8 91. Kf6 Kh8 92. g7+ Kg8 93. Nd4 Kh7 94. Kf7 Kh6 95. g8=Q Kh5 96. Qg3 Kh6 97. Nf5+ Kh5 98. Qh4# 1-0


[Site "https://www.chess.com"]

[Event "Titled Tuesday Blitz July 05 Early 2022"]
[White "Naroditsky, Daniel"]
[Black "Oparin, Grigoriy"]
[WhiteFideId "2026961"]
[BlackFideId "24125890"]
[WhiteElo "2608"]
[BlackElo "2639"]
[Result "1-0"]
[Round "09"]
[TimeControl "180+1"]
[Date "2022.07.05"]
[WhiteClock "0:00:11"]
[BlackClock "0:00:04"]

1. e4 c5 2. Nf3 d6 3. Bb5+ Bd7 4. c4 Nf6 5. Nc3 e6 6. O-O Be7 7. d4 cxd4 8. Nxd4 O-O 9. Bxd7 Nbxd7 10. b3 a6 11. Bb2 Re8 12. Qf3 Rc8 13. Rac1 Qa5 14. Rfd1 Ne5 15. Qh3 Ng6 16. Qf3 Qg5 17. g3 h5 18. Kh1 Qg4 19. Qg2 h4 20. h3 Qg5 21. g4 Nd7 22. Nce2 Qh6 23. Rf1 Bg5 24. Rcd1 Nde5 25. a4 Red8 26. Rg1 Nf4 27. Nxf4 Bxf4 28. Ne2 Qg5 29. Rgf1 b5 30. Nxf4 Qxf4 31. Bc1 Qf6 32. f4 Nc6 33. axb5 axb5 34. cxb5 Nb4 35. g5 Qe7 36. f5 exf5 37. exf5 Rc2 38. Bd2 Nd3 39. g6 Ne5 40. f6 gxf6 41. gxf7+ Kxf7 42. Qd5+ Ke8 43. Rg1 Kd7 44. b6 Rb8 45. Ra1 Rxb6 46. Ra7+ Rc7 47. Rxc7+ Kxc7 48. Ba5 Nd7 49. Bxb6+ Nxb6 50. Rc1+ Kb8 51. Qc6 1-0


[Site "https://www.chess.com"]

[Event "Titled Tuesday Blitz July 05 Early 2022"]
[White "Pesotskiy, Mikhail"]
[Black "Kovalev, Vladislav"]
[WhiteFideId "34164453"]
[BlackFideId "13504398"]
[WhiteElo "2010"]
[BlackElo "2530"]
[Result "0-1"]
[Round "09"]
[TimeControl "180+1"]
[Date "2022.07.05"]
[WhiteClock "0:00:01"]
[BlackClock "0:00:12"]

1. d4 Nf6 2. c4 e6 3. Nc3 Bb4 4. Qc2 b6 5. e4 c5 6. d5 Qe7 7. Be2 exd5 8. exd5 O-O 9. Be3 Ne4 10. Nf3 d6 11. O-O Bxc3 12. bxc3 f5 13. Bd3 Nd7 14. Rfe1 h6 15. Nd2 Ne5 16. Nxe4 Nxd3 17. Qxd3 fxe4 18. Bd2 exd3 19. Rxe7 Ba6 20. Re4 Rae8 21. Rae1 Kf7 22. Rf4+ Kg8 23. Rfe4 Rxe4 24. Rxe4 Kf7 25. Kf1 Re8 26. f3 Re7 27. a3 Ke8 28. Kf2 Bxc4 29. Bf4 Bxd5 30. Re3 Rxe3 31. Kxe3 Kd7 32. Kxd3 b5 33. Be3 Ke6 34. h4 h5 35. Bf4 g6 36. Be3 Bc4+ 37. Kd2 a6 38. g3 Bd5 39. f4 Kf5 40. Ke2 Ke4 41. Kf2 Be6 42. Ke2 Bg4+ 43. Kd2 Kf3 44. f5 Bxf5 45. Bf4 d5 46. Bd6 d4 47. Bxc5 Kxg3 48. Be7 d3 49. Bg5 Kf3 50. Be7 Ke4 51. Bg5 Kd5 52. Be7 Kc4 53. Bf8 Kb3 54. Be7 a5 55. Bf8 g5 56. hxg5 h4 57. Bd6 h3 0-1


[Site "https://www.chess.com"]

[Event "Titled Tuesday Blitz July 05 Early 2022"]
[White "Preotu, Razvan"]
[Black "Grandelius, Nils"]
[WhiteFideId "2613280"]
[BlackFideId "1710400"]
[WhiteElo "2407"]
[BlackElo "2617"]
[Result "1-0"]
[Round "09"]
[TimeControl "180+1"]
[Date "2022.07.05"]
[WhiteClock "0:00:06"]
[BlackClock "0:00:05"]

1. e4 c5 2. Nf3 d6 3. d4 cxd4 4. Nxd4 Nf6 5. Nc3 Nc6 6. Bg5 Bd7 7. Qd2 a6 8. O-O-O e6 9. f4 Be7 10. Nf3 b5 11. Bxf6 gxf6 12. f5 Qb6 13. Kb1 O-O-O 14. Bd3 Kb8 15. Ne2 Bc8 16. Nf4 Ne5 17. Be2 d5 18. exd5 exf5 19. Nd4 Bc5 20. Rhe1 Rhe8 21. Bf1 Bd7 22. a3 Ng4 23. h3 Rxe1 24. Rxe1 Bxd4 25. hxg4 fxg4 26. Re7 Be5 27. Nd3 Bd6 28. Rxf7 Bf5 29. Rxf6 Bxd3 30. Bxd3 Qd4 31. Rf5 Be5 32. Qb4 Qxb4 33. axb4 Rxd5 34. Ka2 Kc7 35. Be4 Rd4 36. Rxe5 Kd6 37. Re8 Kd7 38. Re5 Kd6 39. Rh5 Rxe4 40. Rxh7 Re2 41. Rh6+ Kd5 42. c3 Rxg2 43. Rxa6 g3 44. Rb6 Kc4 45. Rc6+ Kd3 46. Rc5 Kc2 47. Rxb5 Kc1 48. Rg5 Rxb2+ 49. Ka3 g2 50. c4 Rf2 51. c5 Kb1 52. Ka4 Kb2 53. Kb5 Kc2 54. Kb6 Rf6+ 55. c6 Kb3 56. b5 Ka4 57. Rxg2 Rf5 58. Rg4+ 1-0


[Site "https://www.chess.com"]

[Event "Titled Tuesday Blitz July 05 Early 2022"]
[White "Rosen, Eric"]
[Black "Abrahamyan, Tatev"]
[WhiteFideId "2032562"]
[BlackFideId "13301918"]
[WhiteElo "2362"]
[BlackElo "2347"]
[Result "0-1"]
[Round "09"]
[TimeControl "180+1"]
[Date "2022.07.05"]
[WhiteClock "0:00:01"]
[BlackClock "0:00:27"]

1. d4 Nf6 2. Nc3 e6 3. Bf4 c5 4. d5 d6 5. dxe6 Bxe6 6. e4 Be7 7. Nf3 O-O 8. Be2 Nc6 9. O-O h6 10. h3 a6 11. a4 Qd7 12. Re1 Rad8 13. Qd2 Rfe8 14. Rad1 Bf8 15. Bf1 Qc7 16. Nd5 Bxd5 17. exd5 Ne5 18. Bxe5 dxe5 19. c4 e4 20. Nh4 Qe5 21. f4 Qd4+ 22. Kh1 Qxd2 23. Rxd2 Nh5 24. f5 Be7 25. g3 Nxg3+ 26. Kg2 Bxh4 27. Be2 Nxf5 28. Ra1 Nd4 0-1


[Site "https://www.chess.com"]

[Event "Titled Tuesday Blitz July 05 Early 2022"]
[White "Sadykov, Ramil"]
[Black "Krysa, Leandro"]
[WhiteFideId "24113590"]
[BlackFideId "116807"]
[WhiteElo "2226"]
[BlackElo "2490"]
[Result "1-0"]
[Round "09"]
[TimeControl "180+1"]
[Date "2022.07.05"]
[WhiteClock "0:00:03"]
[BlackClock "0:00:05"]

1. e4 c5 2. Nf3 Nc6 3. d4 cxd4 4. Nxd4 g6 5. c4 Nf6 6. Nc3 d6 7. Be3 Ng4 8. Bc1 Qb6 9. Be2 Nxf2 10. Kxf2 Qxd4+ 11. Be3 Qxd1 12. Rhxd1 Bg7 13. Nd5 O-O 14. Rab1 Be6 15. b4 Bxd5 16. exd5 Ne5 17. c5 f5 18. h3 Rfc8 19. Rbc1 a6 20. a4 Bf6 21. Bf4 a5 22. b5 Rxc5 23. Rxc5 dxc5 24. d6 Kf7 25. dxe7 Kxe7 26. Rd5 Nd7 27. Bf3 Rd8 28. Bc7 Rc8 29. b6 c4 30. Rxa5 c3 31. Ke2 c2 32. Kd2 c1=Q+ 33. Kxc1 Nxb6 34. Rc5 Na8 35. Bd6+ Kd8 36. Bxb7 Rxc5+ 37. Bxc5 Nc7 38. a5 Be5 39. a6 Kd7 40. a7 Bd6 41. Bb6 1-0


[Site "https://www.chess.com"]

[Event "Titled Tuesday Blitz July 05 Early 2022"]
[White "Shimanov, Aleksandr"]
[Black "Chernobay, Artem"]
[WhiteFideId "4198603"]
[BlackFideId "4167406"]
[WhiteElo "2605"]
[BlackElo "2473"]
[Result "1-0"]
[Round "09"]
[TimeControl "180+1"]
[Date "2022.07.05"]
[WhiteClock "0:00:11"]
[BlackClock "0:00:05"]

1. e4 e6 2. d4 d5 3. Nc3 Nf6 4. Bg5 dxe4 5. Nxe4 Be7 6. Nxf6+ Bxf6 7. Bxf6 Qxf6 8. Qd3 c5 9. O-O-O Nc6 10. dxc5 O-O 11. Qe3 e5 12. Nf3 Bg4 13. Rd6 Qe7 14. Bc4 Rac8 15. a3 Rc7 16. Re1 Bxf3 17. gxf3 Qh4 18. Bd5 Nd4 19. Qxe5 Qxf2 20. Bxf7+ Rcxf7 21. Rxd4 Qxf3 22. Rd3 Qf2 23. b4 a5 24. Kb2 axb4 25. axb4 Rf4 26. Re4 Rxe4 27. Qxe4 Qxh2 28. Qxb7 Qf4 29. Qd5+ Kh8 30. Rd4 Qf6 31. c6 h6 32. c7 Kh7 33. Qd8 Qf5 34. Rc4 Qe5+ 35. Rc3 Qf4 36. Qxf8 Qxf8 37. c8=Q Qxb4+ 38. Rb3 Qd4+ 39. Qc3 Qf2 40. Qe3 Qf6+ 41. Qc3 Qd6 42. Qd3+ Qxd3 43. Rxd3 1-0


[Site "https://www.chess.com"]

[Event "Titled Tuesday Blitz July 05 Early 2022"]
[White "Sjugirov, Sanan"]
[Black "Dubov, Daniil"]
[WhiteFideId "4189302"]
[BlackFideId "24126055"]
[WhiteElo "2609"]
[BlackElo "2791"]
[Result "1/2-1/2"]
[Round "09"]
[TimeControl "180+1"]
[Date "2022.07.05"]
[WhiteClock "0:00:05"]
[BlackClock "0:00:07"]

1. e4 e5 2. Nf3 Nc6 3. Bb5 a6 4. Ba4 Nf6 5. Nc3 Be7 6. Bxc6 dxc6 7. d3 Qd6 8. h3 Be6 9. Be3 Nd7 10. a3 c5 11. O-O O-O 12. Nd2 Rad8 13. Nc4 Bxc4 14. dxc4 c6 15. Qxd6 Bxd6 16. Rad1 Be7 17. Ne2 Nf6 18. f3 Rxd1 19. Rxd1 Rc8 20. Nc1 Kf8 21. Kf1 Ke8 22. Ke2 Nd7 23. Nd3 f6 24. a4 a5 25. b3 b6 26. h4 Nf8 27. h5 Ne6 28. Rh1 h6 29. g3 Bd6 30. f4 Ke7 31. Kf3 Nd8 32. Ne1 Nf7 33. Ng2 Rd8 34. Nh4 Ke6 35. Ng6 Bf8 36. Rf1 Be7 37. Ke2 Nh8 38. Nh4 Nf7 39. Rh1 Nd6 40. Kf3 Nf7 41. Bc1 Bf8 42. Ng6 Bd6 43. Rd1 Nh8 44. Nh4 Nf7 45. Ng6 Nh8 46. f5+ Kd7 47. Be3 Nxg6 48. fxg6 Ke6 49. Kg4 Ra8 50. Rf1 Rb8 51. Kf3 Ra8 52. g4 Be7 53. Ke2 Bd6 54. Bd2 Be7 55. Bc1 Bd6 56. Bd2 Be7 57. Bc1 Bd6 58. Bd2 1/2-1/2


[Site "https://www.chess.com"]

[Event "Titled Tuesday Blitz July 05 Early 2022"]
[White "So, Wesley"]
[Black "Zhigalko, Sergei"]
[WhiteFideId "5202213"]
[BlackFideId "13502956"]
[WhiteElo "2763"]
[BlackElo "2662"]
[Result "1-0"]
[Round "09"]
[TimeControl "180+1"]
[Date "2022.07.05"]
[WhiteClock "0:00:08"]
[BlackClock "0:00:03"]

1. e4 c5 2. Nf3 Nc6 3. Bb5 Nf6 4. Nc3 Qc7 5. O-O Nd4 6. Re1 a6 7. Bf1 e5 8. Nd5 Nxd5 9. exd5 d6 10. Nxd4 cxd4 11. c3 dxc3 12. bxc3 Be7 13. a4 O-O 14. a5 Bf5 15. c4 Rae8 16. Qb3 Bg5 17. d3 Bxc1 18. Rexc1 Bc8 19. Qa3 Qe7 20. Rab1 Rd8 21. Re1 Qg5 22. Rb6 Qe7 23. d4 e4 24. g3 Rfe8 25. Qe3 Kh8 26. h4 f5 27. Qg5 Qf7 28. Qf4 Qf6 29. Rd1 Qe7 30. c5 e3 31. Qxe3 Qxe3 32. fxe3 Rxe3 33. Rxd6 Rde8 34. Kf2 f4 35. gxf4 R3e4 36. Bg2 Rxf4+ 37. Kg1 Rg4 38. Rf1 h5 39. c6 Rxd4 40. c7 Kh7 41. Rd8 Re2 42. Rxc8 Rg4 43. Rf2 Re1+ 44. Kh2 Re3 45. Bf3 Rxh4+ 46. Kg2 Rc4 47. d6 Rd3 48. Rd8 Kh6 49. c8=Q Rxc8 50. Rxc8 Rxd6 51. Rh8+ Kg5 52. Bxb7 g6 53. Bf3 Rd5 54. Re2 Rxa5 55. Rhe8 Kf4 56. Rf8+ Kg5 57. Rg8 Kf6 58. Be4 Kf7 59. Rxg6 Re5 60. Rxa6 h4 61. Bg6+ Kg7 62. Rxe5 1-0


[Site "https://www.chess.com"]

[Event "Titled Tuesday Blitz July 05 Early 2022"]
[White "Svane, Rasmus"]
[Black "Rostovtsev, Dmitry"]
[WhiteFideId "4657101"]
[BlackFideId "34278320"]
[WhiteElo "2674"]
[BlackElo "2232"]
[Result "1-0"]
[Round "09"]
[TimeControl "180+1"]
[Date "2022.07.05"]
[WhiteClock "0:00:16"]
[BlackClock "0:00:03"]

1. Nf3 Nf6 2. g3 g6 3. Bg2 Bg7 4. O-O O-O 5. d4 d6 6. Re1 Nbd7 7. e4 e5 8. Nc3 c6 9. a4 a5 10. Be3 exd4 11. Bxd4 Re8 12. Nd2 Ne5 13. h3 Be6 14. f4 Nc4 15. Nxc4 Bxc4 16. Qd2 d5 17. b3 Ba6 18. exd5 cxd5 19. Rxe8+ Qxe8 20. Re1 Qd8 21. Kh2 Ne4 22. Qe3 Nxc3 23. Bxg7 Kxg7 24. Qxc3+ d4 25. Qd2 Qb6 26. Re5 Rd8 27. Qxa5 Qxa5 28. Rxa5 d3 29. cxd3 Rxd3 30. b4 Bc4 31. Bxb7 Rd2+ 32. Kg1 Rb2 33. b5 g5 34. fxg5 Kg6 35. Bc6 Kxg5 36. b6+ f5 37. Bb5 Bd5 38. Ra7 f4 39. gxf4+ Kxf4 40. Rd7 Bf3 41. b7 Rb1+ 42. Kf2 Rb2+ 43. Ke1 Ke3 44. Re7+ Be4 45. Rxe4+ Kxe4 46. b8=Q Ke3 47. Qe5+ 1-0


[Site "https://www.chess.com"]

[Event "Titled Tuesday Blitz July 05 Early 2022"]
[White "Tanenbaum, Zachary"]
[Black "Terry, Renato"]
[WhiteFideId "2060850"]
[BlackFideId "3803457"]
[WhiteElo "2175"]
[BlackElo "2577"]
[Result "0-1"]
[Round "09"]
[TimeControl "180+1"]
[Date "2022.07.05"]
[WhiteClock "0:00:46"]
[BlackClock "0:00:57"]

1. e4 e6 2. d4 d5 3. Nc3 Nf6 4. Bg5 Bb4 5. e5 h6 6. Bd2 Bxc3 7. bxc3 Ne4 8. Qg4 g6 9. Bd3 Nxd2 10. Kxd2 c5 11. h4 Nc6 12. Nf3 cxd4 13. cxd4 Qa5+ 14. c3 b6 15. Rhc1 Ba6 16. Bxa6 Qxa6 17. Qf4 Rc8 18. Ke1 Na5 19. Nd2 g5 20. Qg3 gxh4 21. Qxh4 Rg8 22. Qh3 Rg6 23. Qf3 h5 24. Rab1 Ke7 25. Rc2 Rcg8 26. g3 h4 27. Nf1 Nc4 28. Rbc1 Rg4 29. gxh4 Rg1 30. Re2 Rxf1+ 31. Kxf1 Nd2+ 32. Ke1 Nxf3+ 0-1


[Site "https://www.chess.com"]

[Event "Titled Tuesday Blitz July 05 Early 2022"]
[White "Timofeev, Artyom"]
[Black "Niemann, Hans Moke"]
[WhiteFideId "4140419"]
[BlackFideId "2093596"]
[WhiteElo "2578"]
[BlackElo "2632"]
[Result "1/2-1/2"]
[Round "09"]
[TimeControl "180+1"]
[Date "2022.07.05"]
[WhiteClock "0:00:10"]
[BlackClock "0:00:05"]

1. e4 c6 2. Nf3 d5 3. d3 dxe4 4. dxe4 Qxd1+ 5. Kxd1 Nf6 6. Bd3 g6 7. Ke2 Bg7 8. h3 O-O 9. a4 a5 10. Be3 Nfd7 11. c3 Na6 12. Nbd2 Nac5 13. Bc4 Nxa4 14. Rxa4 b5 15. Ra2 bxc4 16. Rha1 Rb8 17. Bd4 e5 18. Ba7 Rb5 19. Nxc4 Ba6 20. Nfd2 Ra8 21. Be3 f5 22. f3 fxe4 23. fxe4 Nf6 24. Ke1 Rab8 25. Rxa5 Rxa5 26. Rxa5 Bxc4 27. Nxc4 Nxe4 28. Ra6 c5 29. g4 Bf6 30. Ke2 Rf8 31. Kd3 Ng3 32. Bxc5 Rd8+ 33. Kc2 Bg7 34. Be3 Nf1 35. Bc1 e4 36. Re6 Rd3 37. h4 Rh3 38. Rxe4 h6 39. g5 h5 40. Ne3 Nh2 41. b4 Nf3 42. b5 Rxh4 43. Rxh4 Nxh4 44. b6 Be5 45. Nd5 Ng2 46. Ne3 Ne1+ 47. Kd1 Nf3 48. Ke2 Ng1+ 49. Kf2 Nh3+ 50. Kg2 Nf4+ 51. Kf3 Ne6 52. Nc4 Bb8 53. Be3 Kf7 54. b7 Ke8 55. Bf2 Nxg5+ 56. Kg2 Kd7 57. Bg3 Bxg3 58. Kxg3 Kc7 59. Ne5 Ne4+ 60. Kf4 Nxc3 61. Nxg6 Kxb7 62. Kg5 Ne4+ 63. Kxh5 1/2-1/2


[Site "https://www.chess.com"]

[Event "Titled Tuesday Blitz July 05 Early 2022"]
[White "Tokhirjonova, Gulrukhbegim"]
[Black "Vasquez Schroeder, Rodrigo"]
[WhiteFideId "14203626"]
[BlackFideId "3400042"]
[WhiteElo "2227"]
[BlackElo "2567"]
[Result "0-1"]
[Round "09"]
[TimeControl "180+1"]
[Date "2022.07.05"]
[WhiteClock "0:00:05"]
[BlackClock "0:00:50"]

1. e4 c5 2. Nf3 d6 3. d4 cxd4 4. Nxd4 Nf6 5. Nc3 Nc6 6. Be2 e6 7. Be3 a6 8. O-O Be7 9. f4 O-O 10. Kh1 Qc7 11. Qe1 Nxd4 12. Bxd4 b5 13. a3 Bb7 14. Bd3 Nd7 15. Qg3 Bf6 16. Bxf6 Nxf6 17. Rae1 Nd7 18. Qh3 Nc5 19. f5 Nxd3 20. cxd3 exf5 21. Qxf5 Rae8 22. Rc1 Re5 23. Qf4 Qe7 24. h3 h6 25. d4 Rg5 26. Rce1 Re8 27. d5 Re5 28. Re3 f5 29. Rfe1 g5 30. Qf2 Bc8 31. g3 Bd7 32. Kh2 Kg7 33. h4 Qf6 34. R1e2 Rf8 35. Qg2 f4 36. gxf4 Qxf4+ 37. Kh1 Qxh4+ 38. Kg1 Qf4 39. Nd1 g4 40. Rf2 Qg5 41. Rxf8 Kxf8 42. Qf2+ Ke7 43. Rg3 h5 44. Ne3 Rxe4 45. Nc2 Qe5 46. Rd3 Re2 47. Qh4+ Qf6 48. Qxh5 Rxc2 49. Qh7+ Kd8 0-1


[Site "https://www.chess.com"]

[Event "Titled Tuesday Blitz July 05 Early 2022"]
[White "Tristan, Leonardo"]
[Black "Nakamura, Hikaru"]
[WhiteFideId "113816"]
[BlackFideId "2016192"]
[WhiteElo "2404"]
[BlackElo "2850"]
[Result "0-1"]
[Round "09"]
[TimeControl "180+1"]
[Date "2022.07.05"]
[WhiteClock "0:00:14"]
[BlackClock "0:01:12"]

1. d4 f5 2. Nf3 Nf6 3. g3 g6 4. Bg2 Bg7 5. O-O O-O 6. Nbd2 Nc6 7. Re1 d5 8. c4 e6 9. b3 Ne4 10. e3 g5 11. Bb2 g4 12. Ne5 Nxe5 13. dxe5 h5 14. Nxe4 fxe4 15. h3 c6 16. hxg4 h4 17. gxh4 Qxh4 18. Qe2 Bd7 19. Rf1 Bh6 20. Bd4 b6 21. c5 Rf7 22. f4 exf3 23. Rxf3 Qxg4 24. Re1 Rg7 25. Rf6 Qxe2 26. Rxe2 Bg5 27. Rf3 Be7 28. cxb6 c5 29. b7 Rb8 30. Bc3 Rxb7 31. Rf4 Bg5 32. Rf1 Bb5 0-1


[Site "https://www.chess.com"]

[Event "Titled Tuesday Blitz July 05 Early 2022"]
[White "Vlassov, Nikolai"]
[Black "Maksimovic, Bojan"]
[WhiteFideId "4103360"]
[BlackFideId "14408120"]
[WhiteElo "2324"]
[BlackElo "2453"]
[Result "1/2-1/2"]
[Round "09"]
[TimeControl "180+1"]
[Date "2022.07.05"]
[WhiteClock "0:00:13"]
[BlackClock "0:00:11"]

1. e4 c5 2. c3 d6 3. d4 Qc7 4. f4 e5 5. Nf3 Nd7 6. Bc4 cxd4 7. Na3 Ngf6 8. cxd4 d5 9. Bxd5 Nxd5 10. exd5 Bxa3 11. bxa3 e4 12. Ne5 O-O 13. O-O Nf6 14. Qb3 Qd6 15. Nc4 Qxd5 16. Ne3 Qxb3 17. axb3 Be6 18. b4 Nd5 19. f5 Nxe3 20. Bxe3 Bd5 21. Rac1 Rac8 22. Rc5 Bc4 23. Rc1 b5 24. Kf2 a6 25. a4 Rfd8 26. axb5 axb5 27. Ra1 Ra8 28. Ra5 Rxa5 29. bxa5 f6 30. Bf4 Rxd4 31. a6 Rd8 32. a7 g5 33. fxg6 hxg6 34. Bb8 Rd2+ 35. Ke3 Ra2 36. Kxe4 Kf7 37. Kd4 Ke6 38. Rc6+ Ke7 39. Bd6+ Kd7 40. Kc5 Rxa7 41. Bf8 Rc7 42. Rxc7+ Kxc7 43. Bg7 f5 44. h4 Kd7 45. Be5 Ke6 46. Bf4 Bf1 47. g3 Be2 48. Bb8 Kd7 49. Bf4 Kc8 50. Bd2 Kb7 51. Bf4 Ka6 52. Bc7 Bf1 53. Bd8 Kb7 54. Bg5 Kc7 55. Bf4+ Kd7 56. Be5 Ke6 57. Bf4 Kf6 58. Kb4 Be2 59. Kc5 Kf7 60. Kb4 Ke6 61. Kc5 Kd7 62. Be5 Ke7 63. Bf4 Ke6 64. Bb8 Bf1 65. Bf4 1/2-1/2


[Site "https://www.chess.com"]

[Event "Titled Tuesday Blitz July 05 Early 2022"]
[White "Xu, Yi"]
[Black "Severino, Sander"]
[WhiteFideId "8605564"]
[BlackFideId "5204100"]
[WhiteElo "2471"]
[BlackElo "2408"]
[Result "1-0"]
[Round "09"]
[TimeControl "180+1"]
[Date "2022.07.05"]
[WhiteClock "0:00:21"]
[BlackClock "0:00:38"]

1. e4 e5 2. Nf3 Nf6 3. d4 Nxe4 4. Bd3 d5 5. Nxe5 Be7 6. O-O O-O 7. c4 c6 8. Nc3 Nxc3 9. bxc3 dxc4 10. Nxc4 Nd7 11. Qf3 Nf6 12. Bg5 Be6 13. Ne5 Nd7 14. Bf4 Nxe5 15. Bxe5 Bd6 16. Rfe1 Bxe5 17. dxe5 Qg5 18. Qe4 g6 19. f4 Qh4 20. Qe3 Rfd8 21. f5 Bxf5 22. Bxf5 gxf5 23. Rf1 Qg4 24. Rf3 Kh8 25. Raf1 Rg8 26. g3 Rg5 27. e6 fxe6 28. Qxe6 Qe4 29. Qf6+ Rg7 30. Rxf5 Re8 31. R5f3 Qe7 32. Qd4 a6 33. a4 Kg8 34. c4 h6 35. c5 Qe4 36. Qd6 Re6 37. Qd8+ Re8 38. Rf8+ Rxf8 39. Rxf8+ Kh7 40. Rh8+ Kg6 41. Qd6+ Kf5 42. Rf8+ 1-0


[Site "https://www.chess.com"]

[Event "Titled Tuesday Blitz July 05 Early 2022"]
[White "Zhalmakhanov, Ramazan"]
[Black "Paichadze, Luka"]
[WhiteFideId "13706357"]
[BlackFideId "13602934"]
[WhiteElo "2397"]
[BlackElo "2537"]
[Result "1-0"]
[Round "09"]
[TimeControl "180+1"]
[Date "2022.07.05"]
[WhiteClock "0:00:32"]
[BlackClock "0:00:11"]

1. e4 c6 2. d4 d5 3. f3 e6 4. Nc3 Bb4 5. Ne2 Ne7 6. a3 Ba5 7. b4 Bc7 8. e5 a5 9. Rb1 axb4 10. axb4 b6 11. Ng3 c5 12. f4 Nbc6 13. Nb5 Nxb4 14. c3 Nbc6 15. Bd3 g6 16. O-O Ba6 17. Be3 c4 18. Bc2 Bxb5 19. Rxb5 Qd7 20. Rb1 O-O 21. h4 Ra2 22. h5 Rfa8 23. Rf2 Nf5 24. Nxf5 exf5 25. g4 Ne7 26. hxg6 fxg6 27. gxf5 Nxf5 28. Qg4 Qf7 29. Bxf5 Qxf5 30. Qxf5 gxf5 31. Kg2 Kf7 32. Rh1 Kg6 33. Kf3 Rxf2+ 34. Kxf2 Ra2+ 35. Kf3 Rc2 36. Rg1+ Kf7 37. Rg5 Ke6 38. Rh5 Rxc3 39. Rxh7 Bd8 40. Rh6+ Kd7 41. Rd6+ Kc7 42. Rxd5 Be7 43. e6 Bd6 44. Rxf5 Rb3 45. Ke4 c3 46. Rf7+ Kd8 47. Rd7+ Ke8 48. Rxd6 c2 49. Rc6 1-0


[Site "https://www.chess.com"]

[Event "Titled Tuesday Blitz July 05 Early 2022"]
[White "Abrahamyan, Tatev"]
[Black "Vakhlamov, Igor L."]
[WhiteFideId "13301918"]
[BlackFideId "24126748"]
[WhiteElo "2347"]
[BlackElo "2401"]
[Result "0-1"]
[Round "10"]
[TimeControl "180+1"]
[Date "2022.07.05"]
[WhiteClock "0:00:24"]
[BlackClock "0:01:15"]

1. e4 c5 2. Nf3 Nc6 3. d4 cxd4 4. Nxd4 g6 5. Nc3 Bg7 6. Be3 Nf6 7. Bc4 O-O 8. Bb3 a5 9. O-O Nxd4 10. Bxd4 d6 11. f3 Bd7 12. a4 Bc6 13. Qe2 Nd7 14. Bxg7 Kxg7 15. Bd5 Qb6+ 16. Kh1 Qxb2 17. Qd2 Qb4 18. Rab1 Qc5 19. Bxc6 bxc6 20. Rb7 Rfd8 21. f4 Rab8 22. Rfb1 f6 23. h3 Kf7 24. Kh2 Rxb7 25. Rxb7 Nb6 26. Qd3 Rd7 27. Rb8 Nc4 28. Ne2 d5 29. Qb3 Qf2 30. Qd3 Ne3 0-1


[Site "https://www.chess.com"]

[Event "Titled Tuesday Blitz July 05 Early 2022"]
[White "Aradhya, Garg"]
[Black "Kaminski, Victor"]
[WhiteFideId "25006746"]
[BlackFideId "1131630"]
[WhiteElo "2203"]
[BlackElo "2181"]
[Result "1-0"]
[Round "10"]
[TimeControl "180+1"]
[Date "2022.07.05"]
[WhiteClock "0:01:30"]
[BlackClock "0:01:09"]

1. d4 Nf6 2. c4 e6 3. Nf3 d5 4. Nc3 c5 5. cxd5 cxd4 6. Nxd4 Nxd5 7. Bd2 Be7 8. e4 Nxc3 9. Bxc3 O-O 10. Bc4 Bd7 11. O-O Nc6 12. Nf3 Rc8 13. Qe2 Qc7 14. Rfd1 Rfd8 15. Bd3 e5 16. Rac1 Qb8 17. Bc4 Bg4 18. h3 Bh5 19. a3 Bg5 20. Bxf7+ Bxf7 21. Nxg5 Bb3 22. Qb5 Bxd1 23. Qc4+ Kh8 24. Nf7+ Kg8 25. Nh6+ Kh8 26. Qg8+ 1-0


[Site "https://www.chess.com"]

[Event "Titled Tuesday Blitz July 05 Early 2022"]
[White "Barp, Alberto"]
[Black "Jubin Jimmy"]
[WhiteFideId "872555"]
[BlackFideId "46686614"]
[WhiteElo "2229"]
[BlackElo "2219"]
[Result "0-1"]
[Round "10"]
[TimeControl "180+1"]
[Date "2022.07.05"]
[WhiteClock "0:00:04"]
[BlackClock "0:00:16"]

1. d4 Nf6 2. c4 e6 3. Nf3 Bb4+ 4. Bd2 Bxd2+ 5. Nbxd2 b6 6. e3 Bb7 7. Bd3 O-O 8. O-O d6 9. b4 Nbd7 10. Qc2 Qe7 11. a3 a5 12. Rfe1 e5 13. Ng5 h6 14. Nge4 Rfe8 15. d5 Nxe4 16. Nxe4 g6 17. Nc3 f5 18. Nb5 Rec8 19. Rac1 Ba6 20. Qc3 e4 21. Bf1 Bxb5 22. cxb5 Ne5 23. Rc2 Ra7 24. Rec1 h5 25. Qd4 Kh7 26. Be2 h4 27. h3 Kh6 28. Rc3 axb4 29. Qxb4 Rca8 30. Qd4 Rxa3 31. Rxc7 Qg5 32. Kf1 Ra2 33. Qxb6 Rxe2 34. Kxe2 Qxg2 35. Rh7+ Kg5 36. Rc2 Qxh3 37. Qxd6 Qf3+ 38. Kd2 Qxf2+ 39. Kc3 Qxe3+ 40. Kb2 Nd3+ 41. Kb3 Nc5+ 42. Kb2 Qb3+ 43. Kc1 Ra1+ 44. Kd2 Qd3# 0-1


[Site "https://www.chess.com"]

[Event "Titled Tuesday Blitz July 05 Early 2022"]
[White "Barria Zuniga, Daniel"]
[Black "Pesotskiy, Mikhail"]
[WhiteFideId "3400816"]
[BlackFideId "34164453"]
[WhiteElo "2414"]
[BlackElo "2010"]
[Result "1-0"]
[Round "10"]
[TimeControl "180+1"]
[Date "2022.07.05"]
[WhiteClock "0:01:12"]
[BlackClock "0:01:55"]

1. d4 Nf6 2. c4 e6 3. Nf3 Bb4+ 4. Nbd2 a5 5. g3 b6 6. Bg2 Bb7 7. O-O O-O 8. Qc2 Bxd2 9. Qxd2 Qe7 10. b3 d6 11. Bb2 Nbd7 12. Rad1 Rfe8 13. d5 e5 14. Nh4 Nc5 15. Nf5 Qf8 16. f4 Nfd7 17. e4 g6 18. Ne3 exf4 19. Rxf4 Ne5 20. Rdf1 Ncd7 21. Bh3 Qe7 22. Bxd7 Qxd7 23. Bxe5 dxe5 24. Rxf7 Qxf7 25. Rxf7 Kxf7 26. Ng4 Bc8 27. Qf2+ 1-0


[Site "https://www.chess.com"]